[ AOE2 MATCH · #507596549 ]
UnrankedTeutons vs Romans
Player's team · WIN
Rival team · LOSS
[ REPLAY ANALYSIS · EXTRACTED FROM THE RECORDED GAME ]
Feudal
9:10
Castle
—
Imperial
—
| APM avg | 32.1 |
| APM peak | 79 |
| eAPM avg | 10.8 |
| Villagers / military | 30 / 0 |
Focus
⚔️ 20.9% · 🌾 79.1%
Feudal
12:34
Castle
—
Imperial
—
| APM avg | 24.0 |
| APM peak | 63 |
| eAPM avg | 12.2 |
| Villagers / military | 30 / 17 |
Focus
⚔️ 22.5% · 🌾 77.5%
Militia ×17
Match map
Initial resources + every placement click. Lines = walls · curves = elevation contours. ◆ gold · ⬟ stone · ● berries · ✦ relic · ◌ wall gap
Your base· Open — unwalled flank
JLN II's base· Open — unwalled flank
Smoothed initial terrain · ◌ = detected wall gap · hover for details
Inputs per minute
— Mašinec - - JLN II
Build order — Mašinec
49 actions detected in the replay
| 0:02 | Queue | Villager (Male) |
| 0:02 | Queue | Villager (Male) |
| 0:03 | Build | House |
| 0:04 | Build | House |
| 0:31 | Queue | Villager (Male) |
| 0:31 | Queue | Villager (Male) |
| 1:32 | Queue | Villager (Male) |
| 1:56 | Build | Lumber Camp |
| 2:06 | Queue | Villager (Male) |
| 2:27 | Queue | Villager (Male) |
| 2:46 | Queue | Villager (Male) |
| 3:04 | Queue | Villager (Male) |
| 3:28 | Build | House |
| 4:00 | Queue | Villager (Male) |
| 4:24 | Queue | Villager (Male) |
| 4:42 | Queue | Villager (Male) |
| 4:55 | Build | Mining Camp |
| 5:15 | Queue | Villager (Male) |
| 5:38 | Queue | Villager (Male) |
| 5:56 | Research | Loom |
| 6:35 | Queue | Villager (Male) |
| 6:44 | Research | Feudal Age |
| 7:50 | Queue | Villager (Male) |
| 9:09 | Build | House |
| 9:10 | Age | Feudal Age |
| 9:27 | Build | Watch Tower |
| 9:34 | Build | Palisade Wall |
| 9:55 | Queue | Villager (Male) |
| 10:51 | Queue | Villager (Male) |
| 10:51 | Queue | Villager (Male) |
| 11:26 | Queue | Villager (Male) |
| 12:18 | Queue | Villager (Male) |
| 12:30 | Build | Mining Camp |
| 12:48 | Build | Mill |
| 12:59 | Build | Watch Tower |
| 13:08 | Queue | Villager (Male) |
| 13:09 | Queue | Villager (Male) |
| 13:27 | Build | Blacksmith |
| 13:41 | Build | House |
| 14:08 | Build | Watch Tower |
| 14:17 | Queue | Villager (Male) |
| 15:17 | Queue | Villager (Male) |
| 15:36 | Build | Watch Tower |
| 15:47 | Queue | Villager (Male) |
| 15:48 | Queue | Villager (Male) |
| 16:07 | Queue | Villager (Male) |
| 16:45 | Research | Fletching |
| 17:21 | Queue | Villager (Male) |
| 17:56 | Queue | Villager (Male) |
Build order — JLN II
74 actions detected in the replay
| 0:01 | Queue | Villager (Male) |
| 0:02 | Queue | Villager (Male) |
| 0:02 | Queue | Villager (Male) |
| 0:03 | Build | House |
| 0:05 | Build | House |
| 1:02 | Queue | Villager (Male) |
| 1:03 | Queue | Villager (Male) |
| 1:29 | Queue | Villager (Male) |
| 1:29 | Queue | Villager (Male) |
| 2:37 | Queue | Villager (Male) |
| 2:37 | Queue | Villager (Male) |
| 2:38 | Queue | Villager (Male) |
| 2:47 | Build | House |
| 2:49 | Build | House |
| 3:29 | Queue | Villager (Male) |
| 3:29 | Queue | Villager (Male) |
| 3:30 | Queue | Villager (Male) |
| 4:05 | Queue | Villager (Male) |
| 4:05 | Queue | Villager (Male) |
| 4:06 | Queue | Villager (Male) |
| 5:13 | Build | Lumber Camp |
| 5:30 | Queue | Villager (Male) |
| 5:30 | Queue | Villager (Male) |
| 5:31 | Queue | Villager (Male) |
| 5:31 | Queue | Villager (Male) |
| 5:31 | Queue | Villager (Male) |
| 5:31 | Queue | Villager (Male) |
| 6:22 | Build | Mill |
| 7:02 | Build | Mill |
| 7:29 | Queue | Villager (Male) |
| 7:29 | Queue | Villager (Male) |
| 7:29 | Queue | Villager (Male) |
| 7:29 | Queue | Villager (Male) |
| 8:20 | Queue | Villager (Male) |
| 8:27 | Build | Mining Camp |
| 8:58 | Research | Loom |
| 9:14 | Queue | Villager (Male) |
| 9:31 | Build | Barracks |
| 9:46 | Build | Palisade Wall |
| 9:50 | Build | Palisade Wall |
| 9:53 | Build | Palisade Wall |
| 10:24 | Research | Feudal Age |
| 10:38 | Queue | Militia |
| 10:39 | Queue | Militia |
| 10:39 | Queue | Militia |
| 10:39 | Queue | Militia |
| 10:39 | Queue | Militia |
| 11:44 | Build | Barracks |
| 12:34 | Age | Feudal Age |
| 12:37 | Build | Blacksmith |
| 12:39 | Research | Man-at-Arms (upgrade) |
| 12:51 | Queue | Villager (Male) |
| 12:51 | Queue | Villager (Male) |
| 13:09 | Research | Scale Mail Armor |
| 13:11 | Queue | Militia |
| 13:12 | Queue | Militia |
| 13:22 | Build | Farm |
| 13:23 | Build | Farm |
| 13:23 | Build | Farm |
| 13:23 | Build | Farm |
| 13:31 | Build | Farm |
| 13:31 | Build | Farm |
| 13:54 | Build | Farm |
| 14:19 | Build | Farm |
| 14:36 | Queue | Militia |
| 14:36 | Queue | Militia |
| 15:40 | Queue | Militia |
| 15:40 | Queue | Militia |
| 15:41 | Queue | Militia |
| 15:41 | Queue | Militia |
| 16:16 | Queue | Militia |
| 16:16 | Queue | Militia |
| 16:50 | Queue | Militia |
| 16:50 | Queue | Militia |
Match timeline
| 9:10 | Mašinec · age_up feudal |
| 9:31 | JLN II · first_building Barracks |
| 9:34 | Mašinec · wall_segment Palisade Wall x1 |
| 9:46 | JLN II · wall_segment Palisade Wall x5 |
| 9:50 | JLN II · wall_segment Palisade Wall x5 |
| 9:53 | JLN II · wall_segment Palisade Wall x3 |
| 12:34 | JLN II · age_up feudal |
| 17:57 | JLN II · resign |
[ AI ANALYSIS · 1 CREDIT ]
What really happened in this match?
Wolo.gg analyzes every decision: build order, eco, micro, common mistakes by bracket. Personalized analysis on WhatsApp or Discord in 30 seconds.
Civ guide
Teutons
Perfil
Mašinec